 Dungeon Crawl Stone Soup version 0.29.1-15-g9cfb28693d (webtiles) character file.

Game seed: 18420424230530747929

5 Coltbek the Caller (level 1, 0/10 HPs)
             Began as a Kobold Summoner on Mar 20, 2023.
             Was a Follower of Makhleb.
             Slain by a jackal (1 damage)
             ... on level 1 of the Dungeon.
             The game lasted 00:03:36 (383 turns).

Coltbek the Caller (Kobold Summoner)                 Turns: 383, Time: 00:03:40

Health: 0/10       AC:  2    Str:  5    XL:     1   Next: 88%
Magic:  2/3        EV: 15    Int: 16    God:    Makhleb [*.....]
Gold:   10         SH:  0    Dex: 15    Spells: 3/4 levels left

rFire   . . .      SeeInvis .   (weapon restricted)
rCold   . . .      Faith    .   (no shield)
rNeg    . . .      Spirit   .   a - +0 robe
rPois   .          Reflect  .   (no helmet)
rElec   .          Harm     .   (no cloak)
rCorr   .          Rampage  .   (no gloves)
Will    .....                   (no boots)
Stlth   +++.......              (no amulet)
HPRegen 0.03/turn               (no ring)
MPRegen 0.08/turn               (no ring)

@: no status effects
A: small, no large weapons, nightstalker 3
a: Renounce Religion


You were on level 1 of the Dungeon.
You worshipped Makhleb.
Makhleb was aware of your devotion.
You visited 1 branch of the dungeon, and saw 1 of its levels.

You collected 10 gold pieces.

Inventory:

Armour
 a - a +0 robe (worn)
Scrolls
 c - a scroll of summoning {unknown}
 e - a scroll of identify {unknown}
 f - a scroll of fog {unknown}
Potions
 d - 2 potions of lignification {unknown}
 g - a potion of might {unknown}


   Skills:
 - Level 2.4 Dodging
 - Level 2.6 Stealth
 - Level 2.1 Spellcasting
 * Level 4.3 Summonings


You had 3 spell levels left.
You knew the following spells:

 Your Spells              Type           Power      Damage    Failure   Level
a - Summon Small Mammal   Summ           60%        N/A       3%          1

Your spell library contained the following spells:

 Spells                   Type           Power      Damage    Failure   Level
 Call Imp                 Summ           15%        N/A       5%          2
 Call Canine Familiar     Summ           15%        N/A       11%         3
 Summon Guardian Golem    Hex/Summ       8%         N/A       26%         3
 Summon Lightning Spire   Summ/Air       8%         N/A       63%         4


Dungeon Overview and Level Annotations

Branches:
Dungeon (1/15)

Altars:
Makhleb


Innate Abilities, Weirdness & Mutations

You are small and have problems with some larger weapons.
You are completely attuned to the shadows.


Message History

Your bat barely misses the jackal.
You see here a jackal corpse.
You swap places.
Your bat hits the jackal but does no damage.
The jackal bites your rat. The jackal closely misses your rat.
The jackal bites you but does no damage.
Your rat barely misses the jackal.
The jackal bites your rat.
Your rat dies!
Your rat's corpse disappears in a puff of smoke!
You swap places.
Your bat barely misses the jackal.
The jackal closely misses your bat. The jackal bites your bat.
Your bat dies!
Your bat's corpse disappears in a puff of smoke!
The jackal attacks as you move away! The jackal misses you.
The jackal closely misses you.
Casting: Summon Small Mammal (safe; 3% risk of failure)
Press: ? - help, Q - select action Dir - look around, f - activate Look: a jackal The jackal barely misses you.
The jackal misses you. The jackal attacks as you move away!
The jackal misses you. x2
You don't have enough magic to cast this spell.
You hit the jackal but do no damage.
The jackal is heavily wounded.
Your quokka closely misses the jackal.
The jackal barely misses you. The jackal attacks as you move away!
The jackal barely misses you.
Your quokka closely misses the jackal.
The jackal bites you.
* * * LOW HITPOINT WARNING * * *
Something hits your quokka. Magic courses through your body.
Your quokka bites the jackal.
The jackal closely misses your quokka.
Something hits your quokka but does no damage.
Your quokka completely misses the jackal.
Casting: Summon Small Mammal (safe; 3% risk of failure)
Press: ? - help, Q - select action Dir - look around, f - activate The jackal misses you. x2
The jackal completely misses your quokka.
Something misses your quokka.
Your quokka misses the jackal. The jackal bites you.
You die...

#..... #......
#.....##
#####.......
#hh.hr....########
#@###K......#.....
#r# ####†##.......
#.# #..........
#.# #####......
... ..........
####...... #......
#...... #.#####


You could see 3 jackals, a friendly quokka (summoned) and a friendly rat
(summoned).

Vanquished Creatures
  2 frilled lizards (D:1)
2 creatures vanquished.

Vanquished Creatures (collateral kills)
  A ball python (D:1)
  A giant cockroach (D:1)
  A jackal (D:1)
3 creatures vanquished.

Grand Total: 5 creatures vanquished

Notes
Turn   | Place    | Note
-------+----------+-------------------------------------------
     0 | D:1      | Coltbek the Kobold Summoner began the quest for the Orb.
     0 | D:1      | Reached XP level 1. HP: 10/10 MP: 3/3
   114 | D:1      | Found a faded altar of an unknown god.
   122 | D:1      | Prayed at the altar of an unknown god.
   122 | D:1      | Became a worshipper of Makhleb the Destroyer
   122 | D:1      | Reached * piety under Makhleb
   383 | D:1      | Slain by a jackal

Illustrated notes

Levels and vault maps discovered:
D:1:      co_arrival_square_in_a_square_in_a_square, layout_basic,
          shapermc_ecumenical_altar_notcrosses

Action                   || total
-------------------------++-------
Melee: Unarmed           ||    18
 Cast: Summon Small Mamm ||    12
  Use: Potion            ||     1
 Stab: Sleeping          ||     2
Armor: Robe              ||     4
Dodge: Dodged            ||    40
